 Dungeon Crawl Stone Soup version 0.27-a0-1149-g4505690ab0 (webtiles) character file.

Game seed: 5775820366203464111

5830 bruisedbytentacle the Nimble (level 10, -4/72 HPs)
             Began as an Octopode Necromancer on May 13, 2021.
             Was a Follower of Uskayaw.
             Slain by an unseen horror (12 damage)
             ... on level 11 of the Dungeon.
             The game lasted 00:33:50 (13078 turns).

bruisedbytentacle the Nimble (OpNe)                Turns: 13078, Time: 00:33:50

Health: -4/72      AC:  1    Str: 10    XL:     10   Next: 80%
Magic:  13/13      EV: 20    Int: 19    God:    Uskayaw [*.....]
Gold:   772        SH:  5    Dex: 12    Spells: 3/13 levels left

rFire    . . .     SeeInvis .   D - +5 scimitar
rCold    . . .     Faith    .   d - +0 buckler
rNeg     . . .     Spirit   .   (helmet restricted)
rPois    .         Reflect  .   q - amulet of regeneration
rElec    .         Harm     .   o - +4 ring of evasion
rCorr    .         Rampage  .   v - ring of wizardry
Will     .....                  (no ring)
Stlth    +++.......             (no ring)
HPRegen  1.22/turn              (no ring)
MPRegen  0.13/turn              (no ring)
                                (no ring)
                                (no ring)

@: no status effects
A: almost no armour, amphibious, 8 rings, camouflage 1, gelatinous body 1,
(nimble swimmer 1), tentacles
a: Renounce Religion, Stomp


You were on level 11 of the Dungeon.
You worshipped Uskayaw.
Uskayaw was noncommittal.
You visited 2 branches of the dungeon, and saw 12 of its levels.
You also visited: Bailey.

You collected 959 gold pieces.
You spent 187 gold pieces at shops.

Inventory:

Hand Weapons
 b - a +0 dagger
 k - a +2 dagger of draining
 t - a +4 halberd
 w - a +2 antimagic falchion
 z - a +0 dagger of speed
 A - a +2 flail of protection
 D - a +5 scimitar (weapon)
 E - a +4 trident
Missiles
 a - 270 stones
 l - a poisoned dart (quivered)
 B - a throwing net {!f}
 C - 2 javelins
 H - 8 silver javelins
Armour
 d - a +0 buckler (worn)
 e - a +1 tower shield
 y - a +0 kite shield
 F - a +1 kite shield of poison resistance
Magical Staves
 g - a staff of fire
 i - a staff of conjuration
 s - a staff of air
Jewellery
 o - a +4 ring of evasion (left tentacle)
 q - an amulet of regeneration (around mantle)
 v - a ring of wizardry (right tentacle)
Wands
 I - a wand of flame (19)
Scrolls
 h - 4 scrolls of enchant armour
 m - a scroll of fear
 p - a scroll of identify {@r1}
 u - 3 scrolls of immolation
 x - a scroll of holy word
Potions
 f - 11 potions of degeneration
 j - a potion of resistance {@q5}
 n - a potion of attraction
 r - a potion of mutation


   Skills:
 - Level 8.0 Fighting
 * Level 7.5 Long Blades
 - Level 9.0 Dodging
 - Level 2.6 Stealth
 - Level 4.0 Shields
 - Level 2.0 Spellcasting
 - Level 5.0 Necromancy
 - Level 2.0 Translocations
 - Level 5.0 Evocations


You had 3 spell levels left.
You knew the following spells:

 Your Spells              Type           Power      Damage    Failure   Level
b - Animate Skeleton      Necr           40%        N/A       1%          1
c - Apportation           Tloc           18%        N/A       3%          1
d - Vampiric Draining     Necr           10%        2d7       2%          3
e - Summon Small Mammal   Summ           4%         N/A       7%          1
f - Animate Dead          Necr           10%        N/A       9%          4

Your spell library contained the following spells:

 Spells                   Type           Power      Damage    Failure   Level
 Pain                     Necr           80%        1d8       1%          1
 Corona                   Hex            1%         N/A       7%          1
 Ensorcelled Hibernation  Hex/Ice        2%         N/A       11%         2
 Confusing Touch          Hex            1%         N/A       21%         3
 Dazzling Flash           Conj/Hex       2%         N/A       21%         3
 Tukima's Dance           Hex            1%         N/A       21%         3
 Agony                    Necr           20%        N/A       24%         5


Dungeon Overview and Level Annotations

Branches:
Dungeon (11/15)            Temple (1/1) D:7          Bailey (visited)
   Lair: D:8-11         Orc: D:9-12

Altars:
Ashenzari
Cheibriados
Dithmenos
Fedhas
Hepliaklqana
Kikubaaqudgha
Nemelex Xobeh
Okawaru
Qazlal
Ru
Trog
Uskayaw
Vehumet
Wu Jian
Yredelemnul
Zin
The Shining One

Shops:
D:9 [

Annotations:
D:10 Harold


Innate Abilities, Weirdness & Mutations

You cannot wear most types of armour.
You are amphibious.
You can wear up to eight rings at the same time.
Your skin changes colour to match your surroundings (Stealth+).
Your rubbery body absorbs attacks. (AC +1, EV +1)
((You are camouflaged near water. (Stealth+)))
You have tentacles for arms and can constrict up to eight enemies at once.


Message History

You swing at nothing.
Something hits you but does no damage.
You closely miss something. Something hits you.
* * * LOW HITPOINT WARNING * * *
You swing at nothing.
Something hits you but does no damage.
You swing at nothing.
Something hits you.
* * * LOW HITPOINT WARNING * * *
You swing at nothing.
Something hits you but does no damage.
You swing at nothing.
Something hits you but does no damage.
You barely miss something. Something hits you but does no damage.
You swing at nothing.
Something hits you but does no damage.
You swing at nothing.
Something hits you but does no damage.
You swing at nothing.
Something hits you but does no damage.
You slash something! Something hits you but does no damage.
You swing at nothing.
Something hits you but does no damage.
You hit something.
Your transformation is almost over.
Something hits you but does no damage.
You swing at nothing.
You block something's attack.
You miss something. Something hits you but does no damage.
You swing at nothing.
You block something's attack. Something hits you but does no damage.
You completely miss something. Something hits you but does no damage.
You swing at nothing.
Something hits you.
* * * LOW HITPOINT WARNING * * *
You swing at nothing.
Something hits you.
* * * LOW HITPOINT WARNING * * *
You swing at nothing.
Something hits you but does no damage.
You hit something but do no damage.
Something hits you but does no damage. x2
You swing at nothing.
You feel less wooden. Something hits you.
* * * LOW HITPOINT WARNING * * *
You miss something. Something hits you.
* * * LOW HITPOINT WARNING * * *
You swing at nothing.
You block something's attack.
Aiming: Throw Flame The puff of flame hits something.
Something hits you!
* * * LOW HITPOINT WARNING * * *
Something hits you!
You die...

####### #.....#
#.....#########
#<.....@.......
#†....#########
#.....# ###..##
#..# #..# #..#
#..# #..#


There were no monsters in sight!

Vanquished Creatures
  A two-headed ogre (D:9)
  A wraith (D:9)
  4 yaks
  A wyvern (D:11)
  Menkaure (D:4)
  3 orc warriors
  A sky beast (D:5)
  An ice beast (D:7)
  An ogre (D:7)
  4 necrophages
  A centaur (D:8)
  A bullfrog (D:5)
  2 gnoll sergeants
  A wyvern zombie (D:8)
  4 scorpions
  A wyvern skeleton (D:6)
  3 water moccasin zombies
  13 killer bees
  An electric eel (D:8)
  A jelly (D:8)
  8 wights
  3 howler monkeys (D:9)
  2 lava snakes (D:8)
  2 bullfrog zombies (D:5)
  2 bullfrog skeletons
  A hound (D:4)
  11 orc priests
  3 centaur skeletons
  2 gnoll shamans
  An iguana (D:7)
  7 orc wizards
  Natasha (twice) (D:2)
  A howler monkey zombie (D:9)
  18 gnolls
  8 adders
  A white imp (D:7)
  A worm (D:5)
  2 dart slugs
  30 orcs
  7 ball pythons
  3 bats
  7 endoplasms
  A giant cockroach (D:1)
  7 hobgoblins
  6 jackals
  6 kobolds
  3 quokkas
  5 frilled lizards
  11 goblins
  6 rats
213 creatures vanquished.

Vanquished Creatures (collateral kills)
  A phantom (D:5)
  Natasha (D:2)
  An orc wizard (D:4)
  An adder (D:2)
  A worm (D:2)
  A dart slug (D:1)
  2 endoplasms (D:1)
  A kobold (D:2)
9 creatures vanquished.

Grand Total: 222 creatures vanquished

Notes
Turn   | Place    | Note
-------+----------+-------------------------------------------
     0 | D:1      | bruisedbytentacle the Octopode Necromancer began the quest
                  | for the Orb.
     0 | D:1      | Reached XP level 1. HP: 11/11 MP: 3/3
   120 | D:1      | Reached skill level 1 in Fighting
   130 | D:1      | Learned a level 1 spell: Animate Skeleton
   227 | D:1      | Reached XP level 2. HP: 6/18 MP: 5/5
   747 | D:1      | Reached XP level 3. HP: 12/25 MP: 4/6
  1413 | D:1      | Learned a level 1 spell: Apportation
  1417 | D:1      | Learned a level 3 spell: Vampiric Draining
  1797 | D:2      | Noticed Natasha
  1804 | D:2      | Killed Natasha
  1805 | D:2      | Reached XP level 4. HP: 24/33 MP: 5/7
  1885 | D:2      | Noticed Natasha
  2467 | D:2      | Learned a level 1 spell: Summon Small Mammal
  2502 | D:2      | Found a faded altar of an unknown god.
  2533 | D:2      | Killed Natasha
  2783 | D:2      | Reached XP level 5. HP: 38/38 MP: 8/8
  2783 | D:2      | Noticed Natasha
  2807 | D:2      | Killed Natasha
  3770 | D:3      | Reached skill level 5 in Fighting
  3770 | D:3      | Reached skill level 1 in Evocations
  3939 | D:3      | Found a glowing silver altar of Zin.
  3946 | D:3      | Found an ancient bone altar of Kikubaaqudgha.
  3946 | D:3      | Found a bloodstained altar of Trog.
  3947 | D:3      | Found a basalt altar of Yredelemnul.
  3948 | D:3      | Found a radiant altar of Vehumet.
  3951 | D:3      | Found a broken altar of Ashenzari.
  4167 | D:4      | Noticed Menkaure
  4177 | D:4      | Killed Menkaure
  4178 | D:4      | Reached skill level 1 in Translocations
  4178 | D:4      | Reached XP level 6. HP: 45/45 MP: 9/9
  4445 | D:4      | Reached skill level 3 in Dodging
  4628 | D:4      | Reached XP level 7. HP: 44/50 MP: 5/10
  5252 | D:5      | Entered Level 5 of the Dungeon
  5296 | D:5      | Reached skill level 4 in Dodging
  5571 | D:5      | Reached XP level 8. HP: 40/57 MP: 11/11
  5599 | D:5      | Reached skill level 5 in Dodging
  5829 | D:5      | Reached skill level 5 in Necromancy
  6342 | D:5      | Learned a level 4 spell: Animate Dead
  6412 | D:5      | Reached skill level 6 in Dodging
  7155 | D:7      | Noticed a two-headed ogre
  7257 | D:7      | Found a flagged portal.
  7319 | Bailey   | Entered a bailey
  7381 | D:7      | Found a staircase to the Ecumenical Temple.
  7462 | D:7      | Reached skill level 7 in Dodging
  7563 | D:7      | Reached XP level 9. HP: 7/64 MP: 12/12
  8040 | D:7      | Reached skill level 8 in Dodging
  8389 | D:7      | Found an ornate altar of the Wu Jian Council.
  9669 | D:6      | Identified a scroll of acquirement
  9670 | D:6      | Acquired 536 gold pieces
  9820 | D:4      | Reached skill level 9 in Dodging
  9865 | D:4      | Reached skill level 1 in Shields
 10062 | D:7      | Reached skill level 1 in Long Blades
 10941 | Temple   | Entered the Ecumenical Temple
 11104 | Temple   | Became a worshipper of Uskayaw the Reveller
 11171 | D:8      | Reached * piety under Uskayaw
 11227 | D:8      | Reached ** piety under Uskayaw
 11317 | D:8      | Reached XP level 10. HP: 72/72 MP: 13/13
 11322 | D:8      | Reached *** piety under Uskayaw
 11465 | D:8      | Reached **** piety under Uskayaw
 11472 | D:8      | Reached ***** piety under Uskayaw
 11861 | D:9      | Reached skill level 5 in Long Blades
 12164 | D:9      | Noticed a two-headed ogre
 12177 | D:9      | Killed a two-headed ogre
 12178 | D:9      | Reached skill level 5 in Evocations
 12456 | D:9      | Found Tics's Antique Armour Boutique.
 12463 | D:9      | Bought a shiny kite shield for 187 gold pieces
 12742 | D:9      | Found a snail-covered altar of Cheibriados.
 12823 | D:10     | Entered Level 10 of the Dungeon
 12823 | D:10     | Noticed Harold
 13078 | D:11     | Slain by an unseen horror

Illustrated notes

Levels and vault maps discovered:
D:1:      elethiomel_arrival_shortcut, layout_rooms, serial_glass,
          glass_columns_c, glass_columns_b, glass_columns_c, glass_columns_a,
          glass_columns_c, glass_columns_a
D:2:      layout_basic, hellmonk_ecumenical_altar_crossroads, uniq_natasha
D:3:      layout_basic, minitemple, minmay_misc_feat_secret_circle
D:4:      layout_gridville, uniq_menkaure
D:5:      layout_basic
D:6:      layout_cave_pools, serial_glass, glass_columns_a, glass_columns_c
D:7:      minmay_skewed_foursquare, layout_loops_corners, kennysheep_little_box,
          minmay_temple_entry_from_below_b, enter_bailey_7, dk_noncrumbling_2
D:8:      layout_rooms, nicolae_lava_and_water, dk_noncrumbling_3
D:9:      layout_stronghold, nicolae_overflow_hidden_temple, serial_shops,
          nicolae_shop_overgrown_old_shop
D:10:     layout_loops_ring, uniq_harold
D:11:     layout_loops_ring, lair_entry_dummy, erik_orc_1
Temple:   dpeg_chambers_temple

Skill      XL: |  1  2  3  4  5  6  7  8  9 10 |
---------------+-------------------------------+-----
Fighting       | 1 2 3 4 5 7 8 |  8.0
Evocations     | 2 5 |  5.0
Translocations | 1 2 |  2.0
Dodging        | 3 4 7 9 |  9.0
Necromancy     | 5 |  5.0
Shields        | 2 4 |  4.0
Long Blades    | 3 7 |  7.5
Stealth        | |  2.6
Spellcasting   | |  2.0

Action                   |  1- 3 |  4- 6 |  7- 9 | 10-12 || total
-------------------------+-------+-------+-------+-------++-------
Melee: Unarmed           |    14 |       |    17 |       ||    31
       Constrict         |    20 |    25 |    71 |    20 ||   136
       Tentacles         |     8 |     9 |    85 |    27 ||   129
       Dagger            |    63 |    96 |   334 |     4 ||   497
       Staff             |       |       |     8 |       ||     8
       Scimitar          |       |       |    55 |   130 ||   185
Throw: Dart              |       |     4 |    34 |    31 ||    69
       Javelin           |       |       |    10 |       ||    10
       Stone             |       |       |     4 |       ||     4
 Cast: Pain              |    16 |     8 |     3 |       ||    27
       Animate Skeleton  |    15 |     2 |     9 |     5 ||    31
       Summon Small Mamm |       |     6 |    13 |       ||    19
       Vampiric Draining |       |     1 |     3 |       ||     4
Invok: Stomp             |       |       |       |     3 ||     3
Evoke: Wand              |       |    12 |     2 |    12 ||    26
  Use: Scroll            |     1 |       |    14 |       ||    15
       Potion            |       |       |     3 |     5 ||     8
 Stab: Sleeping          |     3 |     9 |     5 |     2 ||    19
       Distracted        |       |     1 |     2 |       ||     3
       Paralysed         |       |       |       |     5 ||     5
Armor: Skin              |     4 |     4 |    23 |    57 ||    88
Dodge: Dodged            |    40 |    51 |   349 |   104 ||   544
Block: Buckler           |       |       |     5 |    48 ||    53
       Rpst.: Scimitar   |       |       |    16 |    19 ||    35

Table legend: (Time is in decaauts)
 A = Elapsed time spent in this place.
 B = Non-inter-level travel time spent in this place.
 C = Inter-level travel time spent in this place.
 D = Time resting spent in this place.
 E = Time spent auto-exploring this place.
 F = Levels seen in this place.
 G = Mean time per level.
                   A        B        C        D        E       F      G
               +--------+--------+--------+--------+--------+-----+--------+
         Total |  13141 |  12641 |    500 |   4585 |   4976 |  13 | 1010.8 |
       Dungeon |  12910 |  12476 |    434 |   4555 |   4855 |  11 | 1173.6 |
        Temple |    190 |    124 |     66 |      0 |    121 |   1 |  190.0 |
        Bailey |     39 |     39 |      0 |     30 |      0 |   1 |   39.0 |
               +--------+--------+--------+--------+--------+-----+--------+

Top non-repeatable levels by time:
     D:2: 1771 daAuts
     D:7: 1762 daAuts
     D:8: 1555 daAuts
     D:4: 1474 daAuts
     D:5: 1461 daAuts
     D:1: 1421 daAuts
     D:6: 1361 daAuts
     D:9: 1068 daAuts
     D:3: 834 daAuts
  Temple: 190 daAuts
    D:11: 112 daAuts
    D:10: 88 daAuts
  Bailey: 39 daAuts
